 Dungeon Crawl Stone Soup version 0.28.0-1-gb440e238dd (webtiles) character file.

Game seed: 2607986988939939657

281 themarg the Conjurer (level 6, -3/32 HPs)
             Began as a Tengu Conjurer on Feb 20, 2022.
             Slain by a black bear (11 damage)
             ... on level 5 of the Dungeon.
             The game lasted 00:15:03 (3107 turns).

themarg the Conjurer (Tengu Conjurer)               Turns: 3107, Time: 00:15:03

Health: -3/32      AC:  2    Str:  7    XL:     6   Next: 27%
Magic:  16/21      EV: 15    Int: 21    God:
Gold:   211        SH:  0    Dex: 12    Spells: 6/12 levels left

rFire   . . .      SeeInvis .   s - +2 dagger (venom)
rCold   . . .      Faith    .   (no shield)
rNeg    . . .      Spirit   .   a - +0 robe
rPois   .          Reflect  .   (helmet restricted)
rElec   .          Harm     .   (no cloak)
rCorr   .          Rampage  .   (no gloves)
Will    .....                   (boots unavailable)
Stlth   ++........              f - amulet of magic regeneration
HPRegen 0.10/turn               b - ring of magical power
MPRegen 0.57/turn               w - ring of wizardry

@: flying quickly and evasively, quick
A: beak, talons 3, nimble flight
a: no special abilities


You were on level 5 of the Dungeon.
You visited 1 branch of the dungeon, and saw 5 of its levels.

You collected 211 gold pieces.

Inventory:

Hand Weapons
 r - a +2 dagger of freezing
 s - a +2 dagger of venom (weapon)
Missiles
 k - 94 stones
 n - 6 poisoned darts
Armour
 a - a +0 robe (worn)
Jewellery
 b - a ring of magical power (left hand)
 f - an amulet of magic regeneration (around neck)
 w - a ring of wizardry (right hand)
Scrolls
 c - 2 scrolls of fear {unknown}
 h - a scroll of vulnerability {unknown}
 i - 2 scrolls of silence {unknown}
 j - a scroll of magic mapping {unknown}
 l - a scroll of torment {unknown}
 o - 2 scrolls of blinking {unknown}
 q - 6 scrolls of teleportation
 t - a scroll of acquirement {unknown}
Potions
 d - 2 potions of curing
 e - a potion of ambrosia {unknown}
 g - 2 potions of mutation
 m - 2 potions of degeneration
 p - a potion of flight {unknown}
 u - a potion of lignification {unknown}
 v - a potion of invisibility {unknown}


   Skills:
 + Level 0.2 Fighting
 + Level 0.5 Short Blades
 + Level 2.9 Dodging
 + Level 2.4 Stealth
 + Level 3.6 Spellcasting
 + Level 7.9 Conjurations


You had 6 spell levels left.
You knew the following spells:

 Your Spells              Type           Power      Damage    Failure   Level
a - Magic Dart            Conj           100%       1d8       1%          1
b - Searing Ray           Conj           74%        2d7       1%          2
c - Dazzling Flash        Conj/Hex       40%        N/A       3%          3

Your spell library contained the following spells:

 Spells                   Type           Power      Damage    Failure   Level
 Fulminant Prism          Conj/Hex       10%        3d9       10%         4
 Iskenderun's Mystic Bla  Conj/Tloc      20%        2d6       10%         4
 Fireball                 Conj/Fire      10%        3d6       26%         5
 Starburst                Conj/Fire      10%        6d5       80%         6
 Ignition                 Fire           1%         3d3       100%        8


Dungeon Overview and Level Annotations

Branches:
Dungeon (5/15)
 Temple: D:4-7

Altars:
Hepliaklqana
Kikubaaqudgha
Okawaru
Ru
Sif Muna
Wu Jian
The Shining One

Annotations:
D:4 Eustachio


Innate Abilities, Weirdness & Mutations

You have a beak for a mouth.
You have claws for feet.
Your magical nature lets you fly swiftly and evasively.


Message History

Aim: a black bear (lightly wounded, 100% to hit)
The magic dart hits the black bear!
The black bear is moderately wounded.
Casting: Magic Dart (safe; 1% risk of failure)
Confirm with . or Enter, or press ? or * to list all spells.
Aiming: Searing Ray (safe; 1% risk of failure)
Press: ? - help, Shift-Dir - straight line, f/p - black bear
Aim: a black bear (moderately wounded, 86% to hit)
The searing ray hits the black bear.
The black bear is heavily wounded. (Press . to maintain the ray.)
The searing ray hits the black bear!
The black bear is severely wounded.
The black bear goes berserk!
The searing ray hits the black bear.
The black bear is almost dead.
The black bear rages. x2
The searing ray hits the black bear.
The black bear is almost dead.
You finish channelling your searing ray.
The black bear bites you. The black bear barely misses you.
The black bear closely misses you. The black bear closely misses you.
The black bear completely misses you. The black bear barely misses you.
The black bear bites you! The black bear completely misses you.
The black bear closely misses you.
Casting: Searing Ray (safe; 1% risk of failure)
Confirm with . or Enter, or press ? or * to list all spells.
Aiming: Searing Ray (safe; 1% risk of failure)
Press: ? - help, Shift-Dir - straight line, f/p - black bear
Aim: a black bear (almost dead, berserk, 86% to hit)
The searing ray misses the black bear. (Press . to maintain the ray.)
The black bear bites you. The black bear claws you. The black bear claws you!
A quokka comes into view.
The searing ray hits the black bear.
The black bear is almost dead.
The black bear barely misses you. The black bear claws you.
* * * LOW HITPOINT WARNING * * *
The black bear closely misses you. The black bear bites you!
You die...

###. .....
#####).....
#######..@h......
#.........##.r...
#.........# ...
#.........# . ..#
###.#####.....
#.#
#............##
#.#
#......##.####
#.# #.....###$#
#.###..........


You could see a black bear (berserk) and a quokka (wandering).

Vanquished Creatures
  A scorpion (D:2)
  A bullfrog skeleton (D:5)
  2 iguanas (D:4)
  A hound skeleton (D:4)
  2 adders (D:3)
  A shadow imp (D:3)
  A white imp (D:4)
  3 dart slugs
  4 orcs
  8 ball pythons
  10 bats
  6 endoplasms
  3 giant cockroaches
  8 goblins
  3 hobgoblins
  9 jackals
  3 quokkas
  4 frilled lizards
  A goblin skeleton (D:4)
  2 goblin zombies (D:4)
  3 hobgoblin zombies (D:4)
  7 kobolds
  A kobold skeleton (D:4)
  4 rats
88 creatures vanquished.

Vanquished Creatures (others)
  A plant (D:2)
1 creature vanquished.

Grand Total: 89 creatures vanquished

Notes
Turn   | Place    | Note
-------+----------+-------------------------------------------
     0 | D:1      | themarg the Tengu Conjurer began the quest for the Orb.
     0 | D:1      | Reached XP level 1. HP: 10/10 MP: 4/4
    29 | D:1      | Noticed a snapping turtle
    30 | D:1      | Noticed a swamp worm
    30 | D:1      | Noticed a swamp drake
   176 | D:1      | Reached XP level 2. HP: 15/15 MP: 4/6
   180 | D:1      | Learned a level 2 spell: Searing Ray
   217 | D:1      | Reached skill level 6 in Conjurations
   551 | D:1      | Reached XP level 3. HP: 19/19 MP: 5/7
   822 | D:2      | Noticed a scorpion
   826 | D:2      | Killed a scorpion
   827 | D:2      | Reached XP level 4. HP: 24/24 MP: 3/8
   863 | D:2      | Reached skill level 7 in Conjurations
  1488 | D:2      | Gained mutation: Your magical nature lets you fly swiftly
                  | and evasively. [Tengu growth]
  1488 | D:2      | Reached XP level 5. HP: 28/28 MP: 8/10
  1496 | D:2      | Learned a level 3 spell: Dazzling Flash
  1501 | D:2      | Found a faded altar of an unknown god.
  1816 | D:3      | Found a sacrificial altar of Ru.
  1816 | D:3      | Found an ancient bone altar of Kikubaaqudgha.
  1817 | D:3      | Found an ornate altar of the Wu Jian Council.
  1823 | D:3      | Found an iron altar of Okawaru.
  2248 | D:4      | Found a hazy altar of Hepliaklqana.
  2307 | D:4      | Found a glowing golden altar of the Shining One.
  2678 | D:4      | Noticed Eustachio
  2734 | D:4      | Reached XP level 6. HP: 32/32 MP: 9/11
  2836 | D:4      | Found a shimmering blue altar of Sif Muna.
  3055 | D:5      | Entered Level 5 of the Dungeon
  3097 | D:5      | Noticed a black bear
  3107 | D:5      | Slain by a black bear

Illustrated notes

Levels and vault maps discovered:
D:1:      onia_arrival_zoo_common, layout_basic, minmay_pentomino_q4
D:2:      layout_rooms, shapermc_ecumenical_altar_acropolis
D:3:      layout_basic, minitemple
D:4:      layout_loops_cross, nicolae_sif_muna_little_library,
          nicolae_tso_besieged_by_evil, nicolae_hepliaklqana_hazy_memory,
          uniq_eustachio
D:5:      layout_rooms, minmay_temple_entry_tees, serial_shops,
          nicolae_stop_n_shop_1

Skill      XL: |  1  2  3  4  5 |
---------------+----------------+-----
Conjurations   | 6 7 |  7.9
Spellcasting   | 3 |  3.6
Fighting       | |  0.2
Short Blades   | |  0.5
Dodging        | |  2.9
Stealth        | |  2.4

Action                   |  1- 3 |  4- 6 || total
-------------------------+-------+-------++-------
Melee: Dagger            |    12 |    11 ||    23
       Kick              |     4 |     2 ||     6
       Peck              |     1 |     1 ||     2
 Cast: Magic Dart        |    31 |    87 ||   118
       Searing Ray       |     4 |    19 ||    23
  Use: Scroll            |       |     4 ||     4
Armor: Robe              |     7 |     5 ||    12
Dodge: Dodged            |    13 |    21 ||    34
